 Dungeon Crawl Stone Soup version 0.15-a0-1253-g15b4f57 (webtiles) character file.

233 Psiweapon the Twirler (level 5, -10/48 HPs)
             Began as a Minotaur Gladiator on June 4, 2014.
             Killed by divine providence
             ... invoked by an orc priest
              (12 damage)
             ... while paralysed by a potion of paralysis
             ... on Level 3 of the Dungeon.
             The game lasted 00:07:13 (2492 turns).

Psiweapon the Twirler (Minotaur Gladiator)          Turns: 2492, Time: 00:07:13

HP -10/48        AC  8     Str 21      XL: 5   Next: 75%
MP   2/2         EV  2     Int  5      God:
Gold 136         SH  0     Dex 10      Spells:  0 memorised,  4 levels left

rFire  . . .     SeeInvis .     k - +0 quarterstaff
rCold  . . .     Clarity  .     q - +3 ring mail
rNeg   . . .     rCorr    .     (no shield)
rPois  .         rRot     .     c - +0 hat
rElec  .         Spirit   .     (no cloak)
SustAb .         Warding  .     (no gloves)
rMut   .         Stasis   .     (no boots)
Gourm  .                        (no amulet)
MR     .....                    (no ring)
                                i - ring of invisibility

@: paralysed, not resistant to hostile enchantments, extremely unstealthy
A: retaliatory headbutt, horns 2
a: Evoke Invisibility


You were on level 3 of the Dungeon.
You were not hungry.

You visited 1 branch of the dungeon, and saw 3 of its levels.

You collected 136 gold pieces.

Inventory:

Hand weapons
 a - a +0,+0 quarterstaff
 e - a +0,+0 sling of velocity
 j - a +1,+1 dagger of venom
 k - a +0,+0 quarterstaff (weapon)
 u - a +0,+0 broad axe
Missiles
 d - 2 throwing nets (quivered)
Armour
 b - a +0 leather armour
 c - a +0 hat (worn)
 q - a +3 ring mail (worn)
 v - a +0 pair of gloves
 F - a +0 plate armour
Comestibles
 f - 4 bread rations
 n - 2 beef jerkies
 o - 2 meat rations
 z - 2 rotting chunks of goblin flesh
 A - a chunk of giant gecko flesh
 C - 2 rotting chunks of orc flesh
 E - a chunk of orc flesh
 G - a chunk of rat flesh
Scrolls
 g - a scroll of blinking {unknown}
 l - a scroll of immolation {unknown}
 m - a scroll of noise {unknown}
 p - a scroll of fear {unknown}
 r - a scroll of enchant armour
 s - a scroll of random uselessness
 y - a scroll of recharging {unknown}
 D - 3 scrolls of remove curse
 I - 2 scrolls of identify {unknown}
 J - a scroll of amnesia {unknown}
Jewellery
 i - a ring of invisibility (left hand)
 B - a -2 ring of dexterity
Potions
 t - a potion of curing {unknown}
 x - a potion of brilliance {unknown}
 L - a potion of degeneration {unknown}
Books
 H - a book of Changes

   Spells                             Type                      Level
   Beastly Appendage                  Transmutation                1
   Sticks to Snakes                   Transmutation                2
   Spider Form                        Transmutation/Poison         3
   Ice Form                           Ice/Transmutation            4
   Blade Hands                        Transmutation                5


   Skills:
 + Level 5.2 Fighting
 + Level 6.2 Staves
 - Level 2.0 Throwing
 - Level 3.2 Dodging


You had 4 spell levels left.
You didn't know any spells.

Dungeon Overview and Level Annotations

Branches:
Dungeon (3/15)

Altars:
Dithmenos
Sif Muna
Vehumet
Zin


Innate Abilities, Weirdness & Mutations

You reflexively headbutt those who attack you in melee.
You have a pair of horns on your head.


Message History

Some of the chunks of flesh in your inventory have completely rotted away.
You barely miss the orc priest.
You headbutt the orc priest, but do no damage.
The orc priest is lightly wounded.
The orc priest hits you with a runed whip.
You are electrocuted!
* * * LOW HITPOINT WARNING * * *
Throwing (i - inventory):
d - 3 throwing nets (quivered)
Press: ? - help, Shift-Dir - straight line, f - orc priest
Aim: an orc priest, wielding a whip of electrocution and wearing a scale mail (lightly wounded)
You throw a throwing net. The throwing net hits the orc priest.
The orc priest is caught in the net!
The orc priest is lightly wounded.
The orc priest struggles against the net.
Drink which item? (? for menu, Esc to quit)
You suddenly lose the ability to move!
It was a potion of paralysis.
The orc priest struggles against the net.
The orc priest calls down the wrath of Beogh upon you.
Something smites you!
You die...

...>..)###......# #?.##..####...
........####.#### #<####.##.....
.........###.# ##.# #..#.##..
..........##.# #..# #..#.###.
§.......#.##.# #.## #..#.# #.
§.......#.##.# #.# #....# ##
§§>....##.##.# #.# #...##
......###.##.######.#####.#.# ##
.............ooo@.........#.# #.
.########..#.######.#####.#.# ##.
.# ##...# #.# #.#.###..
.###########.######)#####.#......
.......................[.........
.#.#..######.#..###.#####.#####[.
).............#.....# #.# #..
%.####...PP...#####.# #.# #..
..#.)'...####.# ### #.# ##.


You could see an orc priest (caught) and 2 orcs.

Vanquished Creatures
  An orc warrior (D:3)
  4 adders
  A giant mite (D:1)
  5 giant geckos
  7 orcs (D:3)
  2 ball pythons (D:3)
  5 giant cockroaches
  8 hobgoblins
  2 jackals (D:1)
  4 kobolds
  3 quokkas
  9 bats
  3 giant newts
  17 goblins
  12 rats
83 creatures vanquished.

Vanquished Creatures (others)
  2 orcs (D:3)
2 creatures vanquished.

Grand Total: 85 creatures vanquished

Notes
Turn   | Place    | Note
--------------------------------------------------------------
     0 | D:1      | Psiweapon, the Minotaur Gladiator, began the quest for the Orb.
     0 | D:1      | Reached XP level 1. HP: 18/18 MP: 1/1
    70 | D:1      | Reached skill level 4 in Staves
   115 | D:1      | Reached XP level 2. HP: 25/25 MP: 1/1
   430 | D:2      | Reached XP level 3. HP: 25/31 MP: 2/2
  1161 | D:2      | You fall through a shaft!
  1167 | D:3      | Reached skill level 5 in Staves
  1195 | D:3      | Found a radiant altar of Vehumet.
  1236 | D:3      | Reached XP level 4. HP: 40/40 MP: 2/2
  1400 | D:2      | Found a shadowy altar of Dithmenos.
  1728 | D:2      | Found a deep blue altar of Sif Muna.
  2248 | D:3      | Found a glowing silver altar of Zin.
  2259 | D:3      | Noticed an orc warrior
  2267 | D:3      | Killed an orc warrior
  2267 | D:3      | Reached skill level 5 in Fighting
  2267 | D:3      | Reached skill level 6 in Staves
  2267 | D:3      | Reached XP level 5. HP: 36/48 MP: 2/2
  2490 | D:3      | HP: 2/48 [orc priest/runed whip (13)]
  2492 | D:3      | Paralysed by a potion of paralysis for 6 turns
  2492 | D:3      | Killed from afar by an orc priest

Action                   |  1- 3 |  4- 6 || total
-------------------------+-------+-------++-------
Melee: Quarterstaff      |    75 |   107 ||   182
Throw: Throwing net      |       |     1 ||     1
  Use: Scroll            |     3 |       ||     3
       Potion            |       |     1 ||     1
